 Dungeon Crawl Stone Soup version 0.27-a0-1273-gec92ba881d (webtiles) character file.

Game seed: 14535104615612800513

6761 mordus the Destroyer (level 10, -12/43 HPs)
             Began as a Felid Conjurer on June 11, 2021.
             Was an Elder of Yredelemnul.
             Mangled by a boulder beetle (21 damage)
             ... on level 11 of the Dungeon.
             The game lasted 01:12:13 (16041 turns).

mordus the Destroyer (Felid Conjurer)              Turns: 16041, Time: 01:12:15

Health: -12/43     AC:  2    Str:  4    XL:     10   Next: 75%
Magic:  8/31       EV: 17    Int: 22    God:    Yredelemnul [****..]
Gold:   790        SH:  5    Dex: 15    Spells: 7/24 levels left
                                        Lives:  0   Deaths: 3

rFire    . . .     SeeInvis +   (weapon unavailable)
rCold    . . .     Faith    .   (shield unavailable)
rNeg     . . .     Spirit   .   (armour unavailable)
rPois    .         Reflect  +   (helmet unavailable)
rElec    .         Harm     .   (cloak unavailable)
rCorr    .         Rampage  .   (gloves unavailable)
Will     ++...                  (boots unavailable)
Stlth    ++........             l - amulet of reflection
HPRegen  0.14/turn              k - ring of willpower
MPRegen  0.22/turn              r - ring of magical power

@: quick
A: very small, claws 1, fangs 3, see invisible, speed 1, shaggy fur 2, stealthy
paws, no weapons or thrown items, no armour, multi-lived
a: Renounce Religion, Recall Undead Slaves, Injury Mirror, Animate Dead, Drain
Life


You were on level 11 of the Dungeon.
You worshipped Yredelemnul.
Yredelemnul was greatly pleased with you.
You visited 2 branches of the dungeon, and saw 12 of its levels.
You also visited: Sewer and Ossuary.

You collected 790 gold pieces.

Inventory:

Armour
 E - the +3 warlock's mirror {reflect}
   (You found it on level 10 of the Dungeon)
Jewellery
 e - a +4 ring of slaying
 g - a ring of magical power
 k - a ring of willpower (left paw)
 l - an amulet of reflection (around neck)
 m - a ring of magical power
 r - a ring of magical power (right paw)
Wands
 v - a wand of mindburst (11)
 x - a wand of polymorph (20)
 y - a wand of digging (19)
 z - a wand of flame (20)
 A - a wand of acid (6)
 G - a wand of iceblast (9)
Scrolls
 b - a scroll of torment
 i - 3 scrolls of holy word
 j - 7 scrolls of fog
 q - a scroll of immolation {unknown}
 s - 4 scrolls of teleportation
 u - 4 scrolls of identify
 C - a scroll of summoning {unknown}
 D - a scroll of amnesia
 F - a scroll of enchant armour {unknown}
Potions
 a - 9 potions of curing
 c - a potion of might
 d - 6 potions of flight
 f - a potion of magic
 h - 2 potions of mutation
 n - a potion of invisibility {unknown}
 o - 5 potions of berserk rage
 p - 4 potions of brilliance
 t - 2 potions of heal wounds
 w - a potion of degeneration {unknown}
 B - 3 potions of ambrosia {unknown}


   Skills:
 * Level 4.3 Fighting
 - Level 2.6 Dodging
 - Level 2.6 Stealth
 + Level 7.6 Spellcasting
 * Level 11.1 Conjurations
 - Level 8.1 Hexes
 - Level 8.2 Translocations
 + Level 6.0 Ice Magic
 * Level 7.9 Invocations


You had 7 spell levels left.
You knew the following spells:

 Your Spells              Type           Power      Damage    Failure   Level
a - Magic Dart            Conj           100%       1d8       1%          1
b - Searing Ray           Conj           100%       3d7       1%          2
c - Fulminant Prism       Conj/Hex       25%        3d14      1%          4
d - Iskenderun's Mystic   Conj/Tloc      50%        2d11      1%          4
e - Frozen Ramparts       Ice            70%        1d9       1%          3
f - Ozocubu's Armour      Ice            35%        N/A       1%          3

Your spell library contained the following spells:

 Spells                   Type           Power      Damage    Failure   Level
 Corona                   Hex            48%        N/A       1%          1
 Freeze                   Ice            100%       1d11      1%          1
 Slow                     Hex            44%        N/A       1%          2
 Confusing Touch          Hex            44%        N/A       1%          3
 Dazzling Flash           Conj/Hex       100%       N/A       1%          3
 Gell's Gravitas          Tloc           22%        N/A       1%          3
 Stone Arrow              Conj/Erth      66%        3d11      2%          3
 Cause Fear               Hex            22%        N/A       2%          4
 Hailstorm                Conj/Ice       46%        3d11      2%          4
 Passage of Golubria      Tloc           N/A        N/A       2%          4
 Inner Flame              Hex/Fire       26%        N/A       4%          3
 Beastly Appendage        Tmut           16%        N/A       8%          1
 Sandblast                Erth           16%        2d6       8%          1
 Manifold Assault         Tloc           44%        N/A       8%          5
 Passwall                 Tmut/Erth      6%         N/A       12%         2
 Wereblood                Tmut           8%         N/A       12%         2
 Metabolic Englaciation   Hex/Ice        19%        N/A       12%         5
 Leda's Liquefaction      Hex/Erth       13%        N/A       14%         4
 Spider Form              Tmut/Pois      4%         N/A       22%         3
 Ice Form                 Ice/Tmut       21%        N/A       22%         4
 Yara's Violent Unravell  Hex/Tmut       13%        3d7       36%         5
 Dispersal                Tloc           22%        N/A       38%         6
 Petrify                  Tmut/Erth      8%         N/A       58%         4
 Lee's Rapid Deconstruct  Erth           4%         3d6*      91%         5
 Disjunction              Tloc           22%        N/A       100%        8
 Portal Projectile        Hex/Tloc       Unusable   N/A       N/A         3

Dungeon Overview and Level Annotations

Branches:
Dungeon (11/15)            Temple (1/1) D:6            Lair (0/6) D:8
  Sewer (visited)         Ossuary (visited)
    Orc: D:9-12

Altars:
Ashenzari
Cheibriados
Dithmenos
Elyvilon
Fedhas
Gozag
Hepliaklqana
Kikubaaqudgha
Makhleb
Nemelex Xobeh
Okawaru
Qazlal
Ru
Sif Muna
Trog
Uskayaw
Vehumet
Wu Jian
Xom
Yredelemnul
Zin
The Shining One
Beogh

Shops:
D:8 *

Annotations:
D:4 1 runed translucent door, Crazy Yiuf
D:5 2 transporters
D:9 2 transporters


Innate Abilities, Weirdness & Mutations

You have sharp claws.
You have razor-sharp teeth.
You have supernaturally acute eyesight. (SInv)
You cover ground quickly. (Speed+)
You are covered in thick fur. (AC +2)
Your paws help you pounce on unaware monsters.
You are incapable of wielding weapons or throwing items.
You cannot wear armour.
You gain extra lives every three experience levels.


Message History

The boulder beetle is lightly wounded.
The boulder beetle misses you.
Casting: Iskenderun's Mystic Blast (dangerous; 1% risk of failure)
Confirm with . or Enter, or press ? or * to list all spells.
You erupt in a blast of force!
The mystic blast hits the boulder beetle!
The boulder beetle is moderately wounded.
The boulder beetle is knocked back by the mystic blast.
Casting: Iskenderun's Mystic Blast (dangerous; 1% risk of failure)
Confirm with . or Enter, or press ? or * to list all spells.
Aiming: Searing Ray (safe; 1% risk of failure)
Press: ? - help, Shift-Dir - straight line, f - boulder beetle
Aim: a boulder beetle (moderately wounded, 100% to hit)
The searing ray hits the boulder beetle but does no damage.
The boulder beetle is moderately wounded. (Press . to maintain the ray.)
The searing ray hits the boulder beetle!
The boulder beetle is moderately wounded.
The searing ray hits the boulder beetle but does no damage.
The boulder beetle is moderately wounded.
The boulder beetle misses you.
The searing ray hits the boulder beetle.
The boulder beetle is moderately wounded.
You finish channeling your searing ray.
The boulder beetle bites you!!
* * * LOW HITPOINT WARNING * * *
Casting: Searing Ray (safe; 1% risk of failure)
Confirm with . or Enter, or press ? or * to list all spells.
You erupt in a blast of force!
The mystic blast hits the boulder beetle but does no damage.
The boulder beetle is moderately wounded.
You block the boulder beetle's attack.
The boulder beetle curls into a ball and begins rolling!
Casting: Iskenderun's Mystic Blast (dangerous; 1% risk of failure)
Confirm with . or Enter, or press ? or * to list all spells.
You erupt in a blast of force!
The mystic blast hits the boulder beetle.
The boulder beetle is heavily wounded.
The boulder beetle hits you!!
You die...
Your body rises from the dead as a mindless zombie.

#.#.######.# #.#
#.# ..#.# #.# #.#
#.# ###.# #.# #.#
#.# # #.# #.# #.#
# #.# #.# # # #.#
#.# .# ###.# #.#
#.## ....#
#.###########...#
#####
#.ZZ...@B○....#
#############...#
####


You could see a boulder beetle (rolling, ally target), a friendly eight-headed
hydra zombie and a friendly orc wizard zombie.

Vanquished Creatures
  A hydra (D:11)
  2 death yaks (D:8)
  9 wizards (D:10)
  A troll (D:10)
  A queen bee (D:10)
  A hornet (D:9)
  A wyvern (D:9)
  A vampire (D:10)
  A wraith (D:10)
  Eustachio (D:5)
  17 yaks
  An acid dragon (D:8)
  2 water moccasins
  7 orc warriors
  2 black bears
  2 sky beasts
  3 necrophages
  An ogre (D:4)
  3 centaurs
  A phantom (D:4)
  2 kobold brigands
  An elf zombie (Ossuary)
  2 bullfrogs
  A wyvern zombie (D:9)
  2 scorpions
  A water moccasin zombie (D:6)
  19 killer bees
  9 wights
  3 howler monkeys
  A centaur zombie (D:7)
  2 hounds
  A jelly (D:5)
  6 orc priests
  3 human zombies
  A centaur skeleton (D:7)
  3 iguanas
  12 orc wizards
  2 hell rats (D:8)
  2 killer bee zombies
  A hound skeleton (D:5)
  A hound zombie (D:5)
  2 mummies (Ossuary)
  11 adders
  3 gnolls (D:4)
  2 river rats (D:8)
  A white imp (D:8)
  An ufetubus (D:5)
  An adder zombie (Ossuary)
  A felid skeleton (D:8)
  A worm (D:2)
  A dart slug (D:1)
  51 orcs
  4 ball pythons
  7 endoplasms
  4 giant cockroaches
  6 hobgoblins
  A jackal (D:3)
  16 kobolds
  2 quokkas
  A troll zombie (D:10)
  A yak zombie (D:10)
  8 bats
  3 frilled lizards
  4 goblins
  3 goblin zombies (Ossuary)
  13 hobgoblin zombies (Ossuary)
  9 kobold zombies (Ossuary)
  An orc skeleton (D:8)
  6 orc zombies
  8 rats
  2 rat zombies (Ossuary)
307 creatures vanquished.

Vanquished Creatures (collateral kills)
  A death yak (D:8)
  A centaur zombie (D:10)
  2 trolls
  2 orc warriors
  4 killer bees
  A howler monkey (D:8)
  An orc wizard (D:11)
  A river rat (D:8)
  4 orcs (D:8)
  A kobold (D:9)
  A rat (D:8)
19 creatures vanquished.

Vanquished Creatures (others)
  A human skeleton (D:10)
  A wyvern zombie (D:9)
  A queen bee zombie (D:10)
  6 yak zombies
  A black bear zombie (D:8)
  A sky beast zombie (D:8)
  An acid dragon skeleton (D:8)
  A centaur zombie (D:9)
  A howler monkey zombie (D:10)
  10 killer bee zombies
  5 kobold zombies (D:9)
  A necrophage skeleton (D:8)
  7 orc skeletons (D:8)
  13 orc zombies
  A troll zombie (D:10)
  A yak skeleton (D:10)
  28 fulminant prisms
80 creatures vanquished.

Grand Total: 406 creatures vanquished

Notes
Turn   | Place    | Note
-------+----------+-------------------------------------------
     0 | D:1      | mordus the Felid Conjurer began the quest for the Orb.
     0 | D:1      | Reached XP level 1. HP: 7/7 MP: 4/4
   395 | D:1      | Reached XP level 2. HP: 8/11 MP: 0/6
   398 | D:1      | Learned a level 2 spell: Searing Ray
   497 | D:1      | Reached skill level 4 in Conjurations
  1220 | D:2      | Reached XP level 3. HP: 14/14 MP: 3/7
  1378 | D:2      | Found a snail-covered altar of Cheibriados.
  2204 | D:3      | Reached XP level 4. HP: 18/18 MP: 2/9
  2652 | D:3      | Found a blossoming altar of Fedhas.
  2829 | D:3      | Reached skill level 5 in Conjurations
  2899 | D:3      | Found a faded altar of an unknown god.
  2973 | D:4      | Reached XP level 5. HP: 21/21 MP: 4/10
  3133 | D:4      | Found a glowing silver altar of Zin.
  3208 | D:4      | Noticed a phantom
  3216 | D:4      | Killed a phantom
  3350 | D:4      | Found a sand-covered staircase.
  3356 | Ossuary  | Entered an ossuary
  3812 | Ossuary  | Gained mutation: You are covered in thick fur. (AC +2)
                  | [Felid growth]
  3812 | Ossuary  | Reached XP level 6. HP: 22/24 MP: 4/12
  3988 | Ossuary  | Reached skill level 6 in Conjurations
  4713 | D:4      | Reached XP level 7. HP: 27/27 MP: 14/14
  4968 | D:4      | Found a shimmering blue altar of Sif Muna.
  5047 | D:4      | Reached skill level 7 in Conjurations
  5307 | D:4      | Learned a level 4 spell: Fulminant Prism
  5312 | D:4      | Learned a level 4 spell: Iskenderun's Mystic Blast
  5316 | D:4      | Learned a level 3 spell: Frozen Ramparts
  5342 | D:4      | Found a runed translucent door.
  5343 | D:4      | Noticed Crazy Yiuf
  5667 | D:5      | Entered Level 5 of the Dungeon
  5765 | D:5      | Reached skill level 1 in Hexes
  5765 | D:5      | Reached skill level 1 in Translocations
  5843 | D:5      | Reached skill level 1 in Ice Magic
  5846 | D:5      | Noticed Eustachio
  5847 | D:5      | Found a glowing drain.
  5861 | D:5      | Killed Eustachio
  5996 | D:5      | Reached XP level 8. HP: 31/31 MP: 16/16
  6008 | Sewer    | Entered a sewer
  6173 | D:5      | Reached skill level 5 in Spellcasting
  6259 | D:5      | Found a sparkling altar of Nemelex Xobeh.
  6262 | D:5      | Found a transporter.
  6272 | D:5      | Found a transporter.
  6279 | D:5      | Found a sacrificial altar of Ru.
  6285 | D:5      | Found a burning altar of Makhleb.
  6285 | D:5      | Found an opulent altar of Gozag.
  6285 | D:5      | Found a stormy altar of Qazlal.
  6814 | D:6      | Found an ornate altar of the Wu Jian Council.
  7184 | D:6      | Found a staircase to the Ecumenical Temple.
  7230 | Temple   | Entered the Ecumenical Temple
  7332 | Temple   | Became a worshipper of Yredelemnul the Dark
  7538 | D:6      | Reached skill level 8 in Conjurations
  7728 | D:6      | Identified the +9 hunting sling "Lareprou" {venom, Will++
                  | Str+5 Int-5}
  7764 | D:6      | Found a glowing golden altar of the Shining One.
  8377 | D:7      | Reached XP level 9. HP: 33/34 MP: 14/18
  8512 | D:7      | Reached * piety under Yredelemnul
  8513 | D:7      | Reached skill level 5 in Hexes
  8930 | D:7      | Reached skill level 5 in Translocations
  9056 | D:7      | Reached skill level 1 in Invocations
  9567 | D:8      | Reached skill level 9 in Conjurations
  9941 | D:8      | Mangled by an orc warrior
  9942 | D:8      | Reached XP level 8. HP: -7/31 MP: 15/27
  9955 | D:8      | Reached ** piety under Yredelemnul
  9969 | D:8      | Reached XP level 9. HP: 18/34 MP: 10/19
 10646 | D:8      | Found Fauteash's Demolitions Depot.
 10855 | D:8      | Noticed a death yak
 10942 | D:8      | Found a staircase to the Lair.
 10944 | D:8      | Noticed a death yak
 10945 | D:8      | Noticed a death yak
 11002 | D:8      | Killed a death yak
 11007 | D:8      | Killed a death yak
 11163 | D:8      | Killed a death yak
 11164 | D:8      | Reached XP level 10. HP: 9/37 MP: 6/20
 11650 | D:9      | Reached skill level 5 in Invocations
 11655 | D:9      | Reached skill level 10 in Conjurations
 11934 | D:9      | Slain by a killer bee
 11935 | D:9      | Reached XP level 9. HP: -3/34 MP: 1/29
 12063 | D:9      | Learned a level 3 spell: Ozocubu's Armour
 12064 | D:9      | Reached *** piety under Yredelemnul
 12232 | D:9      | Found a transporter.
 12240 | D:9      | Found a transporter.
 12419 | D:9      | Noticed a troll
 12435 | D:9      | Killed a troll
 12436 | D:9      | Reached skill level 5 in Ice Magic
 13050 | D:10     | Entered Level 10 of the Dungeon
 13057 | D:10     | Reached XP level 10. HP: 37/37 MP: 11/21
 13808 | D:10     | Reached skill level 1 in Fighting
 14480 | D:10     | Reached **** piety under Yredelemnul
 14493 | D:10     | Noticed a wizard
 14499 | D:10     | Killed a wizard
 14499 | D:10     | Received a gift from Yredelemnul (5 flying skulls)
 14614 | D:10     | Noticed a wizard
 14618 | D:10     | Noticed a wizard
 14620 | D:10     | Killed a wizard
 14621 | D:10     | Reached XP level 11. HP: 44/44 MP: 23/23
 14632 | D:10     | Killed a wizard
 14673 | D:10     | Noticed a wizard
 14677 | D:10     | Noticed a wizard
 14680 | D:10     | Killed a wizard
 14687 | D:10     | Killed a wizard
 14894 | D:10     | Noticed a wizard
 14903 | D:10     | Killed a wizard
 14904 | D:10     | Reached skill level 11 in Conjurations
 14913 | D:10     | Noticed a wizard
 14914 | D:10     | Found the +3 warlock's mirror {reflect}
 14921 | D:10     | Noticed a wizard
 14922 | D:10     | Killed a wizard
 14923 | D:10     | Killed from afar by a wizard
 14924 | D:10     | Reached XP level 10. HP: -3/42 MP: 17/31
 15025 | D:10     | Noticed a wizard
 15035 | D:10     | Killed a wizard
 15184 | D:10     | Killed a wizard
 15554 | D:11     | Noticed an eight-headed hydra
 15559 | D:11     | Killed an eight-headed hydra
 15964 | D:11     | Identified the +9 long sword of Gluttony {freeze, rPois
                  | Will+ Stlth+}
 16024 | D:11     | Noticed a boulder beetle
 16041 | D:11     | Mangled by a boulder beetle

Illustrated notes

Levels and vault maps discovered:
D:1:      lemuel_arrival_room, layout_basic, amcnicky_mini_corridor_feature,
          serial_park_tiny_2
D:2:      layout_loops_cross, basic_altar
D:3:      minmay_spotlight, layout_basic, fedhas_altar_fruit_tree,
          ebering_ecumenical_altar_mist
D:4:      minmay_general_purpose_star, layout_basic, zin_scriptorium,
          kennysheep_orc_sif_temple, nicolae_ossuary_entry_plus,
          grunt_ministairs_4, uniq_crazy_yiuf_cottage
D:5:      layout_cave_pools, grunt_temple_overflow_open,
          gammafunk_temple_overflow_arena, gup_sewer_entry_glass, uniq_eustachio
D:6:      layout_loops_cross, nicolae_tso_carved_into_rock,
          nzn_wu_jian_council_hall, serial_bayou_pond_e
D:7:      layout_basic
D:8:      layout_basic, dpeg_lair_monsters, special_room [special_room_orc],
          nicolae_blasting_shop
D:9:      gammafunk_beogh_shrine, layout_loops_ring
D:10:     minmay_smoke_and_mirrors, layout_cave_pods, minivault_7
D:11:     layout_loops_ring
Temple:   minmay_temple_bridge_abc

Skill      XL: |  1  2  3  4  5  6  7  8  9 10 11 |
---------------+----------------------------------+-----
Conjurations   | 4 5 6 7 8 9 10 11 | 11.1
Spellcasting   | 3 4 5 6 7 |  7.6
Hexes          | 2 6 7 8 |  8.1
Translocations | 2 6 7 8 |  8.2
Ice Magic      | 1 4 5 6 |  6.0
Invocations    | 3 6 7 |  7.9
Fighting       | 4 3 |  4.3
Dodging        | |  2.6
Stealth        | |  2.6

Action                   |  1- 3 |  4- 6 |  7- 9 | 10-12 || total
-------------------------+-------+-------+-------+-------++-------
Melee: Unarmed           |     7 |    21 |     5 |     2 ||    35
       Bite              |       |     1 |     2 |       ||     3
 Cast: Magic Dart        |    29 |     9 |    74 |     8 ||   120
       Searing Ray       |    25 |    49 |    84 |    42 ||   200
       Fulminant Prism   |       |       |    12 |    16 ||    28
       Frozen Ramparts   |       |       |     8 |     5 ||    13
       Iskenderun's Myst |       |       |     7 |    17 ||    24
Invok: Animate Remains   |       |       |    30 |    14 ||    44
       Animate Dead      |       |       |     2 |    21 ||    23
       Recall Undead Sla |       |       |       |     1 ||     1
  Use: Scroll            |       |       |    18 |       ||    18
       Potion            |       |       |       |     1 ||     1
Armor: Skin              |       |     3 |     6 |     5 ||    14
Dodge: Dodged            |    12 |    37 |    44 |    46 ||   139
Block: Other             |       |       |     7 |    12 ||    19
       Reflection        |       |       |     1 |       ||     1

Table legend: (Time is in decaauts)
 A = Elapsed time spent in this place.
 B = Non-inter-level travel time spent in this place.
 C = Inter-level travel time spent in this place.
 D = Time resting spent in this place.
 E = Time spent auto-exploring this place.
 F = Levels seen in this place.
 G = Mean time per level.
                   A        B        C        D        E       F      G
               +--------+--------+--------+--------+--------+-----+--------+
         Total |  14333 |  14053 |    280 |   4234 |   6849 |  14 | 1023.8 |
       Dungeon |  13065 |  12817 |    248 |   3662 |   6643 |  11 | 1187.7 |
        Temple |    224 |    193 |     31 |      0 |    150 |   1 |  224.0 |
         Sewer |    130 |    130 |      0 |     62 |     44 |   1 |  130.0 |
       Ossuary |    913 |    913 |      0 |    509 |     12 |   1 |  913.0 |
               +--------+--------+--------+--------+--------+-----+--------+

Top non-repeatable levels by time:
    D:10: 1814 daAuts
     D:8: 1725 daAuts
     D:9: 1579 daAuts
     D:6: 1485 daAuts
     D:4: 1345 daAuts
     D:7: 1088 daAuts
     D:3: 1068 daAuts
     D:1: 1012 daAuts
 Ossuary: 913 daAuts
     D:2: 771 daAuts
     D:5: 599 daAuts
    D:11: 575 daAuts
  Temple: 224 daAuts
   Sewer: 130 daAuts
